 Dungeon Crawl Stone Soup version 0.22-b1-26-g9dbaab1 (webtiles) character file.

258 Doobh the Sneak (level 6, -1/38 HPs)
             Began as a Kobold Assassin on Aug 8, 2018.
             Slain by a kobold
             ... wielding a +0 short sword
              (5 damage)
             ... on level 3 of the Dungeon.
             The game lasted 00:08:00 (2765 turns).

Doobh the Sneak (Kobold Assassin)                   Turns: 2765, Time: 00:08:00

Health: -1/38      AC:  3    Str:  8    XL:     6   Next: 40%
Magic:  6/6        EV: 17    Int: 13    God:
Gold:   183        SH:  0    Dex: 18    Spells: 5/5 levels left

rFire    . . .     SeeInvis .   l - +0 dagger (venom)
rCold    . . .     Gourm    .   (shield restricted)
rNeg     . . .     Faith    .   c - +0 robe
rPois    .         Spirit   .   (no helmet)
rElec    .         Reflect  .   d - +0 cloak
rCorr    .         Harm     .   (no gloves)
MR       .....                  (no boots)
Stlth    +++.......             (no amulet)
HPRegen  0.12/turn              (no ring)
MPRegen  0.10/turn              (no ring)

@: no status effects
A: small, carnivore
a: no special abilities


You were on level 3 of the Dungeon.
You were very full.

You visited 1 branch of the dungeon, and saw 4 of its levels.

You collected 183 gold pieces.

Inventory:

Hand Weapons
 a - a +2 dagger
 b - a +0 blowgun
 l - a +0 dagger of venom (weapon)
Missiles
 e - 7 poisoned needles
 f - a curare-tipped needle
Armour
 c - a +0 robe (worn)
 d - a +0 cloak (worn)
Wands
 i - a wand of digging (12)
 k - a wand of scattershot (5)
Scrolls
 h - 3 scrolls of teleportation
 j - a scroll of random uselessness
 n - 2 scrolls of identify
Potions
 m - a potion of might
Comestibles
 g - 2 rations


   Skills:
 * Level 4.1 Fighting
 + Level 3.9 Short Blades
 + Level 3.2 Throwing
 * Level 3.9 Dodging
 + Level 6.2 Stealth


You had 5 spell levels left.
You didn't know any spells.
Your spell library was empty.

Dungeon Overview and Level Annotations

Branches:
Dungeon (4/15)
 Temple: D:4-7

Altars:
Ashenzari
Elyvilon
Uskayaw
Vehumet
Yredelemnul

Annotations:
D:3 Natasha, Sigmund


Innate Abilities, Weirdness & Mutations

You are small and have problems with some larger weapons.
You are carnivorous and can eat meat at any time.


Message History

The gnoll misses you.
The gnoll hits you from afar with a spear.
* * * LOW HITPOINT WARNING * * *
You kill the gnoll!
Natasha, Servant of Life and Death comes into view.
You hit the kobold but do no damage.
The kobold is poisoned.
You barely miss the kobold.
The kobold is heavily wounded.
The kobold closely misses you.
You barely miss the kobold.
The kobold is heavily wounded.
The kobold hits you with a short sword.
* * * LOW HITPOINT WARNING * * *
You hit the kobold.
The kobold looks even sicker.
The kobold is severely wounded.
The kobold misses you.
You miss the kobold.
The kobold is severely wounded.
The kobold hits you with a short sword.
You die...

##.........#.##....#..######..
.+........['..................
##.........#)##.#..#..######..
#.......##......<...#
##....g######..####.# ##...##
#.......# ##'## ##.###### #.#
#K# #.# #@# ## ##.## #.# .#
##...## #.# .###.....# #.#
..###...## #.#
..####.#########.#
...g............h#
.################# .#


You could see Natasha (sleeping) and a kobold.

Vanquished Creatures
  An orc priest (D:2)
  A hound (D:3)
  A worker ant (D:2)
  Terence (D:2)
  3 gnolls (D:3)
  6 adders
  2 worms (D:2)
  A dart slug (D:1)
  6 orcs
  A giant cockroach (D:1)
  11 goblins
  3 hobgoblins
  8 kobolds
  A quokka (D:3)
  7 bats
  A frilled lizard (D:3)
  7 rats
61 creatures vanquished.

Notes
Turn   | Place    | Note
-------+----------+-------------------------------------------
     0 | D:1      | Doobh the Kobold Assassin began the quest for the Orb.
     0 | D:1      | Reached XP level 1. HP: 12/12 MP: 1/1
   102 | D:1      | Reached XP level 2. HP: 18/18 MP: 2/2
   564 | D:1      | Reached XP level 3. HP: 22/22 MP: 3/3
   914 | D:2      | Reached XP level 4. HP: 28/28 MP: 4/4
  1214 | D:2      | Reached XP level 5. HP: 30/32 MP: 5/5
  1235 | D:2      | Noticed Terence
  1248 | D:2      | Killed Terence
  1916 | D:2      | Found a basalt altar of Yredelemnul.
  1916 | D:2      | Found a white marble altar of Elyvilon.
  1921 | D:2      | Found a radiant altar of Vehumet.
  1923 | D:2      | Found a hide-covered altar of Uskayaw.
  1925 | D:2      | Found a shattered altar of Ashenzari.
  2000 | D:2      | Reached skill level 6 in Stealth
  2109 | D:3      | Noticed Sigmund
  2152 | D:3      | Reached XP level 6. HP: 11/38 MP: 6/6
  2759 | D:3      | Noticed Natasha
  2765 | D:3      | Slain by a kobold

Skill      XL: |  1  2  3  4  5  6 |
---------------+-------------------+-----
Dodging        | 2 3 |  3.9
Short Blades   | 3 |  3.9
Fighting       | 3 4 |  4.1
Throwing       | 3 |  3.2
Stealth        | 6 |  6.2

Action                   |  1- 3 |  4- 6 || total
-------------------------+-------+-------++-------
Melee: Dagger            |    46 |   126 ||   172
 Fire: Blowgun           |     4 |     9 ||    13
  Use: Scroll            |     3 |     1 ||     4
       Potion            |       |     2 ||     2
 Stab: Sleeping          |    11 |     5 ||    16
       Distracted        |       |     2 ||     2
  Eat: Chunk             |     8 |     5 ||    13
Armor: Robe              |    10 |    12 ||    22
Dodge: Dodged            |    27 |   105 ||   132
